Map: [ESL] Oceanborn

Players

Aristori

  • Race: Zerg Zerg
  • Spawn Location: 11:00

GunGFuBanDa - Winner!

  • Race: Protoss Protoss
  • Spawn Location: 5:00

Event: ESL SC2 Masters 2024 Spring (Regional)

VOD

Have the link to the VOD?

Description

Time

  • Played on: April 13, 2024, 11:02 a.m.
  • Length: 10:22

All games in this series

Show
View Real Time Build Order
Export as new Build Order

Aristori Zerg 

Build Orders: Hatch First 

Get SALT Encoding   

  12  0:00  Drone  
  13  0:12  Overlord  
  13  0:17  Drone  
  14  0:30  Drone x2  
  16  0:45  Drone  
  17  0:51  Hatchery  
  17  0:55  Drone  
  17  0:58  Drone  
  18  1:09  Extractor  
  17  1:13  Spawning Pool  
  17  1:17  Drone  
  17  1:20  Drone  
  18  1:29  Drone  
  19  1:38  Drone  
  20  1:50  Overlord  
  20  2:01  Queen  
  20  2:02  Queen  
  20  2:03  Zergling x2  
  20  2:04  Drone  
  26  2:11  Zergling x2  
  26  2:14  Metabolic Boost  
  27  2:21  Drone  
  27  2:22  Drone  
  29  2:25  Drone  
  30  2:38  Queen  
  30  2:44  Hatchery  
  31  2:51  Overlord  
  31  2:52  Drone x2  
  33  2:58  Zergling x2  
  33  3:00  Overlord  
  34  3:08  Drone  
  34  3:09  Drone x2  
  34  3:28  Queen  
  34  3:30  Drone x6  
  34  3:33  Spore Crawler  
  40  3:39  Lair  
  40  3:42  Drone  
  40  3:47  Drone x2  
  43  3:59  Drone x6  
  48  4:10  Queen  
  50  4:18  Queen  
  50  4:21  Spore Crawler  
  50  4:23  Spore Crawler  
  50  4:29  Overlord x2  
  47  4:41  Nydus Network  
  47  4:43  Zergling x8  
  48  4:45  Queen  
  48  4:48  Zergling x6  
  53  4:56  Zergling x8  
  57  5:03  Zergling x8  
  61  5:21  Nydus Canal  
  61  5:23  Queen x2  
  64  5:32  Drone x8  
  72  5:40  Overlord  
  71  5:44  Nydus Canal  
  69  5:50  Overlord x2  
  59  6:07  Drone x10  
  67  6:14  Drone x7  
  74  6:18  Drone  
  74  6:22  Drone  
  74  6:25  Hydralisk Den  
  75  6:27  Drone  
  75  6:30  Drone x2  
  78  6:37  Drone  
  78  6:38  Extractor  
  78  6:39  Extractor x2  
  76  6:40  Queen  
  76  6:42  Queen  
  80  6:48  Hatchery  
  79  6:54  Overlord  
  79  6:55  Hydralisk  
  79  6:56  Hydralisk  
  83  7:05  Hydralisk  
  83  7:07  Zergling x12  
  87  7:17  Drone x7  
  87  7:22  Muscular Augments  
  94  7:29  Hydralisk  
  96  7:32  Overlord x2  
  96  7:41  Baneling Nest  
  96  7:42  Overlord x3  
  95  7:46  Hydralisk  
  95  7:50  Overlord  
  97  7:51  Hydralisk x5  
  97  7:57  Hydralisk  
  109  8:01  Hydralisk  
  112  8:05  Drone x7  
  112  8:12  Evolution Chamber  
  117  8:14  Drone x5  
  116  8:25  Hydralisk  
  116  8:26  Hydralisk x4  
  121  8:37  Hydralisk x3  
  121  8:39  Zergling x16  
  133  8:47  Extractor  
  129  8:55  Hydralisk x3  
  126  8:56  Zergling x2  
  126  8:57  Zergling x12  
  133  9:08  Centrifugal Hooks  
  133  9:09  Zergling x8  
  133  9:10  Zergling x16  
  131  9:20  Zergling x12  
  131  9:24  Grooved Spines  
  132  9:31  Hydralisk  
  132  9:32  Hydralisk x3  
  132  9:38  Zergling x20  
  134  9:40  Nydus Canal  
  134  9:44  Hydralisk x2  
  135  9:53  Zergling x12  
Show
View Real Time Build Order
Export as new Build Order

GunGFuBanDa Protoss - Winner!

Build Orders: 1 Gate Expand, Oracle Opening 

Get SALT Encoding   

  12  0:00  Probe  
  13  0:12  Probe  
  14  0:19  Pylon  
  14  0:24  Probe (Chrono Boost)  
  15  0:37  Probe (Chrono Boost)  
  15  0:40  Gateway  
  16  0:45  Probe (Chrono Boost)  
  17  0:51  Assimilator  
  17  0:52  Probe  
  18  1:04  Probe  
  19  1:16  Probe  
  20  1:26  Nexus  
  20  1:35  Cybernetics Core  
  20  1:38  Probe  
  21  1:44  Assimilator  
  21  1:50  Probe  
  21  1:54  Pylon  
  22  2:02  Probe  
  23  2:09  Adept (Chrono Boost)  
  23  2:14  Probe  
  26  2:20  Stargate  
  26  2:27  Probe (Chrono Boost)  
  26  2:29  Adept (Chrono Boost)  
  29  2:37  Warp Gate  
  29  2:39  Probe (Chrono Boost)  
  31  2:45  Probe (Chrono Boost)  
  31  2:47  Probe (Chrono Boost)  
  33  2:51  Probe (Chrono Boost)  
  33  2:53  Probe  
  33  2:56  Adept  
  36  3:03  Probe  
  36  3:04  Oracle (Chrono Boost)  
  36  3:05  Probe  
  38  3:12  Pylon  
  41  3:15  Probe  
  42  3:26  Probe  
  41  3:27  Gateway  
  41  3:28  Probe  
  41  3:32  Adept  
  42  3:36  Oracle (Chrono Boost)  
  42  3:38  Probe  
  42  3:39  Pylon  
  42  3:41  Probe  
  47  4:00  Pylon  
  47  4:05  Oracle (Chrono Boost)  
  47  4:07  Nexus  
  47  4:08  Pylon  
  50  4:14  Probe  
  50  4:15  Probe  
  52  4:19  Pylon  
  52  4:23  Assimilator  
  52  4:24  Assimilator  
  52  4:26  Probe  
  52  4:27  Probe  
  54  4:38  Probe  
  54  4:42  Probe  
  54  4:43  Stalker  
  54  4:44  Stalker  
  54  4:45  Gateway  
  60  4:50  Probe  
  61  4:52  Pylon  
  61  4:56  Probe  
  61  4:59  Shield Battery  
  62  5:03  Probe  
  62  5:06  Twilight Council  
  63  5:07  Forge  
  63  5:14  Pylon  
  63  5:15  Probe  
  63  5:16  Probe  
  63  5:19  Probe  
  66  5:22  Shield Battery  
  66  5:25  Adept x2  
  70  5:32  Probe (Chrono Boost)  
  73  5:37  Shield Battery, Probe (Chrono Boost)  
  73  5:38  Probe (Chrono Boost)  
  73  5:41  Shield Battery, Probe (Chrono Boost)  
  74  5:43  Photon Cannon  
  74  5:47  Stalker x2  
  78  5:50  Stalker  
  78  5:51  Blink (Chrono Boost)  
  80  6:03  Protoss Ground Weapons Level 1 (Chrono Boost)  
  80  6:09  Pylon  
  80  6:11  Pylon  
  80  6:13  Stalker x2  
  80  6:14  Stalker  
  86  6:20  Probe x2  
  86  6:22  Pylon x2  
  88  6:26  Probe  
  89  6:33  Probe  
  89  6:36  Probe  
  89  6:39  Stalker  
  93  6:40  Stalker x2  
  93  6:41  Probe  
  93  6:43  Pylon  
  98  6:48  Probe x2  
  100  6:55  Probe  
  100  6:59  Pylon  
  100  7:01  Nexus  
  101  7:15  Stalker x3  
  107  7:16  Probe  
  107  7:19  Photon Cannon  
  107  7:20  Shield Battery  
  107  7:21  Pylon  
  108  7:23  Gateway  
  108  7:24  Gateway  
  108  7:29  Gateway  
  108  7:30  Gateway  
  108  7:31  Gateway  
  108  7:39  Charge (Chrono Boost)  
  108  7:48  Protoss Ground Weapons Level 2 (Chrono Boost)  
  108  7:53  Stalker x3  
  108  7:54  Probe  
  108  7:55  Probe x2  
  108  7:58  Robotics Facility  
  117  7:59  Templar Archives  
  117  8:06  Probe  
  117  8:07  Probe  
  119  8:13  Probe  
  120  8:21  Stalker x5  
  130  8:28  Pylon  
  130  8:32  Forge  
  130  8:35  Pylon  
  130  8:39  Stalker x3  
  130  8:40  Probe x4  
  140  8:49  Pylon  
  140  8:52  Probe, Nexus  
  137  9:01  Stalker x5  
  137  9:02  Stalker x2  
  151  9:03  Gateway  
  151  9:04  Observer (Chrono Boost)  
  142  9:18  Warp Prism (Chrono Boost)  
  142  9:19  Shield Battery, Photon Cannon, Probe  
  142  9:21  Pylon  
  145  9:26  Zealot x5  
  153  9:44  Zealot x3  
  153  9:45  Probe x3  
  162  9:46  Probe  
  162  9:51  Zealot  
  162  9:52  Zealot x3  
  168  9:57  Probe  
  167  10:04  Zealot x5  
  149  10:14  Assimilator  
  149  10:15  Assimilator  
Tags
 
Add a new tag
Caveats
  • Supply blocks, unpowered buildings, or Contaminate may cause inaccurate times.
  • Supply counts are checked every 10 seconds.